 Dungeon Crawl Stone Soup version 0.28-a0-1429-gf3d713df7a (webtiles) character file.

Game seed: 4868987946738659421

42 blackman the Conjurer (level 3, -1/24 HPs)
             Began as a Human Wanderer on Jan 8, 2022.
             Was a High Priest of Ignis.
             Shot with an arrow by a centaur (7 damage)
             ... on level 5 of the Dungeon.
             The game lasted 00:10:24 (3013 turns).

blackman the Conjurer (Human Wanderer)              Turns: 3013, Time: 00:10:25

Health: -1/24      AC:  6    Str: 10    XL:     3   Next: 77%
Magic:  1/4        EV: 11    Int: 14    God:    Ignis [*****.]
Gold:   208        SH:  0    Dex: 14    Spells: 1/4 levels left

rFire   + . .      SeeInvis .   e - +0 hunting sling
rCold   . . .      Faith    .   k - orb {mayhem}
rNeg    . . .      Spirit   .   b - +0 robe
rPois   .          Reflect  .   (no helmet)
rElec   .          Harm     .   (no cloak)
rCorr   .          Rampage  .   (no gloves)
Will    +....                   (no boots)
Stlth   ++........              (no amulet)
HPRegen 0.08/turn               j - +4 ring of protection
MPRegen 0.09/turn               p - ring of willpower

@: on blink cooldown
A: no striking features
a: Renounce Religion, Fiery Armour, Foxfire Swarm, Rising Flame


You were on level 5 of the Dungeon.
You worshipped Ignis.
Ignis was extremely pleased with you.
You visited 1 branch of the dungeon, and saw 5 of its levels.

You collected 208 gold pieces.

Inventory:

Hand Weapons
 a - a +0 dagger
 e - a +0 hunting sling (weapon)
Missiles
 d - 29 poisoned darts
 h - 54 stones (quivered ammo)
Armour
 b - a +0 robe (worn)
 c - a +0 buckler
 k - an orb of mayhem (worn)
Jewellery
 j - a +4 ring of protection (left hand)
 p - a ring of willpower (right hand)
Scrolls
 g - a scroll of teleportation
 m - a scroll of immolation {unknown}
 n - a scroll of identify {unknown}
 r - a scroll of summoning {unknown}
Potions
 f - a potion of haste {unknown}
 i - a potion of brilliance {unknown}
 l - 2 potions of curing
 o - 2 potions of mutation {unknown}
 q - a potion of heal wounds {unknown}
 s - a potion of magic {unknown}


   Skills:
 - Level 1.0 Stealth
 - Level 2.0 Shields
 - Level 1.0 Spellcasting
 * Level 3.1 Conjurations
 - Level 3.0 Translocations
 - Level 3.0 Air Magic


You had one spell level left.
You knew the following spells:

 Your Spells              Type           Power      Damage    Failure   Level
a - Shock                 Conj/Air       36%        1d5       8%          1
b - Blink                 Tloc           18%        N/A       12%         2

Your spell library contained the following spells:

 Spells                   Type           Power      Damage    Failure   Level
 Apportation              Tloc           18%        N/A       8%          1
 Swiftness                Air            9%         N/A       22%         3
 Teleport Other           Tloc           9%         N/A       22%         3
 Portal Projectile        Hex/Tloc       8%         N/A       38%         3
 Manifold Assault         Tloc           9%         N/A       91%         5
 Storm Form               Tmut/Air       2%         N/A       100%        7


Dungeon Overview and Level Annotations

Branches:
Dungeon (5/15)
 Temple: D:4-7

Altars:
Ignis


Message History

You start resting.
Magic restored.
You start resting.
HP restored.
You start waiting.
Done waiting.
You start waiting.
Done waiting.
A centaur comes into view. It is wielding a +0 long sword.
You see here 13 poisoned darts.
You see here 13 poisoned darts.
d - 29 poisoned darts (gained 13)
The centaur shouts!
The centaur unwields a +0 long sword.
The centaur wields a +0 shortbow.
The centaur shoots an arrow.
The arrow hits you.
The centaur unwields a +0 shortbow.
The centaur wields a +0 long sword.
The centaur closely misses you.
The centaur kicks you but does no damage.
Casting: Blink (safe; 12% risk of failure)
Confirm with . or Enter, or press ? or * to list all spells.
Aiming: Shock (safe; 8% risk of failure)
Press: ? - help, Shift-Dir - straight line The zap hits the centaur.
The centaur is moderately wounded.
The zap hits the centaur.
The centaur is moderately wounded.
The centaur hits you with a +0 long sword!
The centaur barely misses you.
The centaur hits you with a +0 long sword.
* * * LOW HITPOINT WARNING * * *
The centaur barely misses you.
Press: ? - help, v - describe, . - travel The floor.
Unknown command.
Unknown command.
Casting: Shock (safe; 8% risk of failure)
Confirm with . or Enter, or press ? or * to list all spells.
You blink.
The centaur unwields a +0 long sword.
The centaur wields a +0 shortbow.
The centaur shoots an arrow.
The arrow hits you!
You die...

#########
#......@#
#.......#######
+.......c......
#......ยง##
#.###.#.# #<#
#.#.# #.# #.#.#
#.. ..#..
#####.####


You could see a centaur.

Vanquished Creatures
  An adder (D:3)
  2 dart slugs
  A ball python (D:3)
  5 bats
  4 endoplasms
  2 giant cockroaches (D:3)
  A goblin (D:2)
  A hobgoblin (D:3)
  2 quokkas
  3 frilled lizards
  3 kobolds (D:1)
  A rat (D:2)
  A toadstool (D:1)
27 creatures vanquished.

Vanquished Creatures (others)
  2 fungi (D:1)
  3 toadstools (D:1)
5 creatures vanquished.

Grand Total: 32 creatures vanquished

Notes
Turn   | Place    | Note
-------+----------+-------------------------------------------
     0 | D:1      | blackman the Human Wanderer began the quest for the Orb.
     0 | D:1      | blackman set off with the following items: a +0 dagger, a
                  | +0 robe, a +0 buckler; and the following spells available
                  | to memorise: Apportation, Shock, Swiftness, Teleport Other,
                  | Portal Projectile
     0 | D:1      | Reached XP level 1. HP: 13/13 MP: 2/2
     2 | D:1      | Learned a level 1 spell: Shock
   242 | D:1      | Reached skill level 1 in Conjurations
   274 | D:1      | Found a faded altar of an unknown god.
   282 | D:1      | Prayed at the altar of an unknown god.
   282 | D:1      | Became a worshipper of Ignis, the Dying Flame
   827 | D:1      | Reached XP level 2. HP: 19/19 MP: 0/3
  1869 | D:3      | Learned a level 2 spell: Blink
  2003 | D:3      | Reached XP level 3. HP: 24/24 MP: 4/4
  2588 | D:3      | Identified the -5 tower shield of the Lily {*Corrode Fly
                  | rElec Str+4}
  2636 | D:4      | Noticed a scorpion
  2652 | D:4      | Noticed an orc warrior
  2669 | D:5      | Entered Level 5 of the Dungeon
  3001 | D:5      | Noticed a centaur
  3013 | D:5      | Shot with an arrow by a centaur

Illustrated notes

Levels and vault maps discovered:
D:1:      dpeg_arrival_arbitrary_c, layout_basic,
          shapermc_ecumenical_altar_mp_highgroup, minmay_gold_behind_fungi,
          amcnicky_mini_corridor_feature
D:2:      layout_loops_ring
D:3:      layout_basic
D:4:      minmay_general_purpose_star, layout_loops_ring, kennysheep_mini_moat,
          minmay_temple_entry_enclosed_plants, uniq_grinder
D:5:      layout_basic, serial_shops, shop

Skill      XL: |  1  2  3 |
---------------+----------+-----
Conjurations   | 1 2 3 |  3.1
Stealth        | |  1.0
Shields        | |  2.0
Spellcasting   | |  1.0
Translocations | |  3.0
Air Magic      | |  3.0

Action                   || total
-------------------------++-------
Melee: Dagger            ||     9
 Fire: Hunting sling     ||    70
 Cast: Shock             ||     9
       Blink             ||     3
  Use: Scroll            ||     2
       Potion            ||     1
Armor: Robe              ||    18
Dodge: Dodged            ||    25
Block: Buckler           ||     7

Table legend: (Time is in decaauts)
 A = Elapsed time spent in this place.
 B = Non-inter-level travel time spent in this place.
 C = Inter-level travel time spent in this place.
 D = Time resting spent in this place.
 E = Time spent auto-exploring this place.
 F = Levels seen in this place.
 G = Mean time per level.
                   A        B        C        D        E       F      G
               +--------+--------+--------+--------+--------+-----+--------+
         Total |   3028 |   2847 |    181 |    634 |   1891 |   5 |  605.6 |
       Dungeon |   3028 |   2847 |    181 |    634 |   1891 |   5 |  605.6 |
               +--------+--------+--------+--------+--------+-----+--------+

Top non-repeatable levels by time:
     D:1: 1136 daAuts
     D:3: 781 daAuts
     D:2: 733 daAuts
     D:5: 343 daAuts
     D:4: 32 daAuts
